 Dungeon Crawl Stone Soup version 0.19-a0-1341-g3513869 (webtiles) character file.

12083 mrath the Basher (level 11, -2/95 HPs)
             Began as a Minotaur Fighter on Sept 1, 2016.
             Was a High Priest of Okawaru.
             Slain by an unseen horror (5 damage)
             ... on level 11 of the Dungeon.
             The game lasted 01:08:32 (11344 turns).

mrath the Basher (Minotaur Fighter)                Turns: 11344, Time: 01:08:33

Health: -2/95      AC: 19    Str: 24    XL:     11   Next: 57%
Magic:  14/14      EV:  8    Int:  5    God:    Okawaru [*****.]
Gold:   493        SH: 14    Dex: 10    Spells: 0 memorised, 10 levels left

rFire  . . .     SeeInvis .     a - +1 flail
rCold  . . .     Gourm    .     Z - +0 plate armour
rNeg   + . .     Faith    .     O - +1 shield {rPois}
rPois  +         Spirit   .     (helmet restricted)
rElec  .         Dismiss  .     v - +0 cloak
rCorr  .         Reflect  +     (no gloves)
MR     .....     Harm     .     (no boots)
Stlth  ..........               D - +2 amulet of reflection
                                C - +4 ring of protection
                                u - ring of positive energy

@: no status effects
A: retaliatory headbutt, horns 2
a: Heroism, Finesse, Renounce Religion


You were on level 11 of the Dungeon.
You worshipped Okawaru.
Okawaru was extremely pleased with you.
You were not hungry.

You visited 2 branches of the dungeon, and saw 12 of its levels.

You collected 493 gold pieces.

Inventory:

Hand Weapons
 a - a +1 flail (weapon)
 i - a +0 blowgun
 x - a +1 whip of venom
 y - the +5 spear of Juuwug {pierce, rPois MR+}
   (You found it on level 4 of the Dungeon)

   It inflicts extra damage upon your enemies.
   It protects you from poison.
   It affects your resistance to hostile enchantments.
 K - a +0 flail of protection
 L - a +3 war axe of electrocution
Missiles
 c - 5 needles of paralysis
 k - 11 tomahawks (quivered)
 q - 9 curare-tipped needles
 r - 63 poisoned needles
 Q - 2 throwing nets
Armour
 v - a +0 cloak (worn)
 O - a +1 shield of poison resistance (worn)
 Z - a +0 plate armour (worn)
Jewellery
 n - a +4 ring of dexterity
 u - a ring of positive energy (left hand)
 C - a +4 ring of protection (right hand)
 D - a +2 amulet of reflection (around neck)
 M - an uncursed ring of protection from magic
 S - an uncursed ring of resist corrosion
Wands
 I - a wand of slowing (20/48)
Scrolls
 b - a scroll of blinking
 m - a scroll of amnesia
 s - 4 scrolls of teleportation
 G - 2 scrolls of identify
 H - 5 scrolls of remove curse
 R - 2 scrolls of magic mapping
 X - a scroll of summoning
Potions
 d - 3 potions of might
 e - 2 potions of cancellation {unknown}
 g - 5 potions of haste
 j - 2 potions of resistance {unknown}
 o - 2 potions of agility {unknown}
 t - 6 potions of curing
 w - a potion of mutation {unknown}
 z - 3 potions of heal wounds {unknown}
 A - 4 potions of flight
 B - a potion of cure mutation {unknown}
 E - 3 potions of invisibility
 F - 3 potions of lignification
 N - a potion of berserk rage {unknown}
 P - 2 potions of degeneration {unknown}
 V - a potion of magic {unknown}
Comestibles
 f - 2 bread rations
 h - a beef jerky
 l - 15 royal jellies
 p - 2 fruits
 J - a slice of pizza
 T - a meat ration
 U - 11 chunks of flesh


   Skills:
 + Level 8.7 Fighting
 + Level 10.8 Maces & Flails
 + Level 6.5 Throwing
 + Level 8.9 Armour
 + Level 7.1 Dodging
 + Level 8.7 Shields
 + Level 2.8 Invocations
 + Level 5.6 Evocations


You had 10 spell levels left.
You didn't know any spells.

Dungeon Overview and Level Annotations

Branches:
Dungeon (11/15)            Temple (1/1) D:6             Orc (0/2) D:9
   Lair: D:8-11

Altars:
Ashenzari
Cheibriados
Dithmenos
Elyvilon
Fedhas
Gozag
Kikubaaqudgha
Makhleb
Nemelex Xobeh
Okawaru
Qazlal
Ru
Sif Muna
Trog
Uskayaw
Vehumet
Xom
Yredelemnul
Zin
The Shining One

Shops:
D:8 =   D:11 (


Innate Abilities, Weirdness & Mutations

You reflexively headbutt those who attack you in melee.
You have a pair of horns on your head.


Message History

* * * LOW HITPOINT WARNING * * *
Something hits you but does no damage. Something hits you.
* * * LOW HITPOINT WARNING * * *
You miss something. You headbutt something.
Something hits you but does no damage.
You closely miss something. You block something's attack. Something hits you!
* * * LOW HITPOINT WARNING * * *
Your shield and plate armour prevent you from hitting something.
Your headbutt misses something. Something hits you but does no damage.
Something hits you but does no damage. x2
You sock something! Your headbutt misses something. Something hits you!
* * * LOW HITPOINT WARNING * * *
Something hits you but does no damage. x2
You block something's attack. You block something's attack. Something hits you.
* * * LOW HITPOINT WARNING * * *
Something hits you but does no damage. You block something's attack.
Something hits you but does no damage. Something hits you.
You die...

######## .......##########
................# ########
................# #.......
................# #.......
'#....########..# #.......
∩+....# #..##########.......
'#....# #..@..............##
......# #......##+#.......#
#####.# #......#..#.......# # #.#
#..###+#..#.%.....# # #.###
##.<#......#%...$..#. #
#...#####P..#......#.........
#####.#..#PPP≈..#......#.....P...
......#.PP≈≈≈≈P.'...÷.......P....
.......≈≈♣♣≈♣≈≈.#......PPP.....P.


There were no monsters in sight!

Vanquished Creatures
  A tengu warrior (D:10)
  The ghost of Leszczynek the Basher, a novice OgMo of Cheibriados (D:8)
  Sonja (D:10)
  A hill giant (D:11)
  The ghost of Amnesiac the Cleaver, a novice HOMo of Kikubaaqudgha (D:6)
  An oklob plant (D:7)
  A cyclops (D:11)
  A kobold demonologist (D:11)
  A queen bee (D:10)
  2 trolls
  2 two-headed ogres (D:8)
  A spriggan (D:9)
  A wraith (D:10)
  4 yaks
  A hungry ghost (D:8)
  3 hippogriffs
  Menkaure (D:6)
  Duvessa (D:5)
  5 orc warriors
  A sky beast (D:11)
  A black bear (D:7)
  4 ice beasts
  3 ogres
  A phantom (D:10)
  4 centaurs
  2 big kobolds (D:11)
  4 giant frogs
  2 wyvern zombies
  A water moccasin zombie (D:11)
  Dowan (D:5)
  A scorpion (D:9)
  25 killer bees (D:10)
  3 wights (D:11)
  3 howler monkeys
  3 electric eels (D:9)
  6 crimson imps
  8 orc priests
  3 centaur skeletons
  8 hounds
  3 iguanas
  2 giant frog skeletons
  7 orc wizards
  11 worker ants
  A hound zombie (D:6)
  2 hound skeletons (D:6)
  5 gnolls
  14 adders
  2 river rats (D:11)
  2 shadow imps
  A worm zombie (D:6)
  An adder zombie (D:6)
  3 worms
  2 adder skeletons
  A dart slug (D:4)
  4 giant geckos
  35 orcs
  4 ball pythons
  13 bats
  3 giant cockroaches
  3 goblins
  10 hobgoblins
  5 jackals
  8 kobolds
  A quokka (D:10)
  4 giant newts
  A quokka skeleton (D:4)
  13 rats
275 creatures vanquished.

Vanquished Creatures (others)
  A centaur (D:10)
  2 orcs (D:9)
  2 fungi (D:11)
5 creatures vanquished.

Grand Total: 280 creatures vanquished

Notes
Turn   | Place    | Note
-------+----------+-------------------------------------------
     0 | D:1      | mrath the Minotaur Fighter began the quest for the Orb.
     0 | D:1      | Reached XP level 1. HP: 19/19 MP: 0/0
    80 | D:1      | Reached skill level 3 in Maces & Flails
   115 | D:1      | Reached XP level 2. HP: 17/26 MP: 1/1
   565 | D:2      | Reached skill level 4 in Maces & Flails
   727 | D:2      | Reached XP level 3. HP: 31/31 MP: 2/2
  1120 | D:2      | Reached skill level 5 in Maces & Flails
  1210 | D:3      | Found an opulent altar of Gozag.
  1210 | D:3      | Found a radiant altar of Vehumet.
  1276 | D:3      | Reached XP level 4. HP: 39/39 MP: 3/3
  1718 | D:4      | Got a warped spear
  1798 | D:4      | Reached skill level 6 in Maces & Flails
  1925 | D:4      | Reached XP level 5. HP: 42/45 MP: 4/4
  2055 | D:4      | Noticed an ice beast
  2084 | D:4      | Killed an ice beast
  2084 | D:4      | Reached skill level 7 in Maces & Flails
  2433 | D:5      | Entered Level 5 of the Dungeon
  2479 | D:5      | Noticed Duvessa
  2479 | D:5      | Noticed Dowan
  2492 | D:5      | Killed Duvessa
  2492 | D:5      | Reached XP level 6. HP: 40/52 MP: 5/5
  2499 | D:5      | Killed Dowan
  2499 | D:5      | Reached skill level 1 in Throwing
  2499 | D:5      | Reached skill level 1 in Dodging
  2678 | D:5      | Found a blossoming altar of Fedhas.
  2733 | D:5      | Reached XP level 7. HP: 59/59 MP: 6/6
  3183 | D:6      | Found a staircase to the Ecumenical Temple.
  3183 | D:6      | Noticed Menkaure
  3186 | D:5      | Identified the +5 spear of Juuwug {pierce, rPois MR+} (You found it on level 4 of the Dungeon)
  3299 | D:6      | Killed Menkaure
  3299 | D:6      | Reached skill level 8 in Maces & Flails
  3299 | D:6      | Reached skill level 1 in Evocations
  3314 | Temple   | Entered the Ecumenical Temple
  3369 | Temple   | Became a worshipper of Warmaster Okawaru
  3402 | D:6      | Noticed Amnesiac's ghost (novice HOMo)
  3486 | D:5      | Reached skill level 5 in Shields
  3655 | D:6      | Noticed a yak
  3655 | D:6      | Noticed a yak
  3656 | D:6      | Noticed a yak
  4037 | D:6      | Killed a yak
  4037 | D:6      | Reached * piety under Okawaru
  4037 | D:6      | Reached skill level 5 in Fighting
  4037 | D:6      | Reached skill level 5 in Armour
  4037 | D:6      | Reached XP level 8. HP: 61/68 MP: 8/8
  4429 | D:6      | Reached ** piety under Okawaru
  4614 | D:6      | Reached XP level 9. HP: 51/75 MP: 7/10
  5052 | D:7      | Found a white marble altar of Elyvilon.
  5052 | D:7      | Noticed an oklob plant
  5588 | D:7      | Found an ancient bone altar of Kikubaaqudgha.
  5589 | D:7      | Found a burning altar of Makhleb.
  5629 | D:7      | Found a shattered altar of Ashenzari.
  5838 | D:8      | Noticed Leszczynek's ghost (novice OgMo)
  6027 | D:8      | Reached skill level 9 in Maces & Flails
  6074 | D:8      | Found Maseifroro's Jewellery Boutique.
  6227 | D:8      | Killed Leszczynek's ghost
  6227 | D:8      | Reached *** piety under Okawaru
  6227 | D:8      | Reached skill level 5 in Dodging
  6862 | D:8      | Reached XP level 10. HP: 84/86 MP: 12/12
  6870 | D:8      | Reached skill level 5 in Throwing
  7197 | D:9      | Got a spiked ring mail
  7239 | D:9      | Identified the cursed +0 ring mail of the Zebra {rF- rN+ Str+2 Stlth+} (You found it on level 9 of the Dungeon)
  8056 | D:9      | Found a staircase to the Orcish Mines.
  8416 | D:9      | Reached **** piety under Okawaru
  8550 | D:10     | Entered Level 10 of the Dungeon
  8628 | D:10     | Reached skill level 10 in Maces & Flails
  8807 | D:10     | Noticed Sonja
  8830 | D:10     | Killed Sonja
  8928 | D:10     | Reached skill level 1 in Invocations
  9146 | D:10     | Reached ***** piety under Okawaru
  9146 | D:10     | Reached XP level 11. HP: 93/94 MP: 10/13
  9802 | D:6      | Killed Amnesiac's ghost
  9802 | D:6      | Reached skill level 5 in Evocations
  9872 | D:7      | Killed an oklob plant
  9872 | D:7      | Received a gift from Okawaru
 10113 | D:11     | Noticed a tengu warrior
 10130 | D:10     | Killed a tengu warrior
 10145 | D:11     | Received a gift from Okawaru
 10274 | D:11     | Found Hippusof's Antique Weapon Boutique.
 10477 | D:11     | Noticed a hill giant
 10487 | D:11     | Killed a hill giant
 10876 | D:11     | Received a gift from Okawaru
 11339 | D:11     | HP: 3/95 [something (8)]
 11344 | D:11     | Slain by an unseen horror

Vault maps used:
D:1:      minmay_arrival_four_loops
D:2:      minmay_nonomino_d4
D:3:      grunt_temple_overflow_open
D:4:      glass_columns_b, kennysheep_generic_room_11
D:5:      first_bread, fedhas_altar_2, uniq_duvessa
D:6:      enter_ossuary_3, uniq_menkaure
D:7:      gammafunk_temple_overflow_statue, cheibrodos_ashenzari_chains,
          lemuel_oklob_altar
D:8:      gammafunk_temple_overflow_wave, serial_shops, shop
D:9:      erik_orc_2, the_bakery
D:10:     special_room, uniq_sonja
D:11:     grunt_lair_entry_orc_guard_hut, serial_shops,
          nicolae_shop_behind_doors, serial_bayou_pond_c
Temple:   eino_temple_lava

Skill      XL: |  1  2  3  4  5  6  7  8  9 10 11 |
---------------+----------------------------------+-----
Maces & Flails | 3 4 5 6 7 8 9 10 | 10.8
Throwing       | 1 2 3 4 6 |  6.5
Armour         | 4 5 7 8 |  8.9
Dodging        | 1 2 3 5 6 7 |  7.1
Fighting       | 4 5 6 7 8 |  8.7
Shields        | 4 5 7 8 |  8.7
Evocations     | 1 2 4 5 |  5.6
Invocations    | 1 2 |  2.8

Action                   |  1- 3 |  4- 6 |  7- 9 | 10-12 || total
-------------------------+-------+-------+-------+-------++-------
Melee: Flail             |    76 |    79 |   313 |   397 ||   865
       Headbutt          |    12 |    14 |    80 |   111 ||   217
       Whip              |       |       |       |   102 ||   102
 Fire: Blowgun           |       |       |       |     3 ||     3
Throw: Tomahawk          |       |       |    16 |    18 ||    34
       Stone             |       |       |     1 |       ||     1
Invok: Heroism           |       |       |     2 |    13 ||    15
       Finesse           |       |       |       |     3 ||     3
  Use: Scroll            |     7 |     1 |     9 |     7 ||    24
       Potion            |       |     2 |     1 |       ||     3
  Eat: Chunk             |     1 |     5 |    15 |    13 ||    34
       Beef jerky        |       |       |       |     1 ||     1
Armor: Scale mail        |    38 |    22 |    29 |       ||    89
       Chain mail        |       |       |    40 |     1 ||    41
       Plate armour      |       |       |       |   191 ||   191
Dodge: Dodged            |    29 |    21 |    79 |   138 ||   267
Block: Shield            |    34 |    47 |   206 |   367 ||   654
       Reflection        |       |       |     3 |    16 ||    19
